Map: Frozen Temple

Players

wizardgamer

  • Race: Zerg Zerg
  • League: Master

Cuddlebear - Winner!

  • Race: Terran Terran
  • League: Master

VOD

Have the link to the VOD?

Description

Time

  • Played on: Sept. 24, 2016, 3:03 p.m.
  • Length: 8:25
Show
View Real Time Build Order
Export as new Build Order

wizardgamer Zerg 

Build Orders: Hatch First 

Get SALT Encoding   

  12  0:01  Drone  
  13  0:14  Overlord  
  13  0:18  Drone  
  14  0:34  Drone x2  
  16  0:38  Drone  
  17  0:56  Drone  
  18  0:57  Hatchery  
  18  1:03  Extractor  
  16  1:06  Drone  
  17  1:16  Spawning Pool  
  17  1:17  Drone  
  17  1:24  Drone  
  18  1:33  Drone  
  19  1:47  Overlord  
  19  2:02  Queen, Metabolic Boost  
  19  2:06  Zergling x4  
  23  2:09  Queen  
  23  2:10  Drone  
  23  2:15  Drone  
  27  2:21  Drone  
  28  2:24  Drone  
  29  2:31  Drone  
  29  2:40  Queen  
  30  2:44  Pneumatized Carapace  
  30  2:56  Overlord  
  30  2:58  Drone x4  
  33  3:06  Drone  
  34  3:14  Zergling x4  
  34  3:16  Overlord  
  34  3:17  Overlord  
  35  3:30  Spore Crawler  
  34  3:41  Overlord  
  35  3:42  Drone x3  
  38  3:50  Hatchery  
  37  3:56  Drone x6  
  37  3:58  Drone  
  44  4:07  Queen  
  46  4:10  Evolution Chamber  
  46  4:15  Evolution Chamber  
  44  4:26  Zergling x2  
  44  4:27  Zergling x14  
  50  4:35  Queen  
  50  4:50  Spore Crawler  
  49  5:06  Zergling x16  
  49  5:07  Queen, Zergling x10  
  61  5:11  Zerg Ground Armor Level 1  
  62  5:20  Zerg Melee Weapons Level 1  
  55  5:31  Zergling x2  
  55  5:32  Zergling x10  
  54  5:37  Drone  
  50  5:47  Zergling x2  
  50  5:48  Zergling x10  
  55  5:57  Queen  
  55  6:06  Drone x6  
  55  6:07  Drone  
  60  6:13  Overlord x2  
  60  6:14  Drone  
  60  6:15  Drone x2  
  60  6:17  Drone  
  64  6:21  Overlord x2  
  64  6:22  Drone  
  65  6:31  Drone  
  66  6:34  Drone x2  
  66  6:35  Extractor  
  66  6:37  Hatchery, Drone  
  67  6:42  Lair  
  65  6:54  Spore Crawler  
  65  7:00  Drone x2  
  65  7:01  Drone  
  64  7:10  Queen  
  66  7:28  Zergling x2  
  66  7:29  Zergling x26  
  79  7:38  Drone x3  
  79  7:39  Baneling Nest, Drone x2  
  79  7:41  Extractor  
  79  7:42  Drone x2  
  79  7:43  Drone  
  85  7:53  Overseer  
  85  7:58  Drone x6  
  91  8:05  Zergling x8  
Show
View Real Time Build Order
Export as new Build Order

Cuddlebear Terran - Winner!

Build Orders: Reaper Expand, MMM Bio 

Get SALT Encoding   

  12  0:01  SCV  
  13  0:13  SCV  
  14  0:23  Supply Depot  
  14  0:27  SCV  
  15  0:29  Refinery  
  15  0:44  SCV  
  15  0:46  Barracks  
  16  0:56  SCV  
  17  1:08  SCV  
  18  1:20  SCV  
  19  1:36  Reaper  
  19  1:37  Orbital Command  
  20  1:47  Command Center  
  20  1:57  Factory  
  20  2:02  SCV  
  20  2:07  Refinery  
  21  2:11  Barracks Reactor  
  22  2:18  Supply Depot  
  22  2:19  SCV  
  22  2:31  SCV  
  23  2:43  SCV  
  24  2:45  Factory Tech Lab  
  24  2:46  Starport  
  24  2:50  Marine x2  
  26  2:55  SCV  
  28  3:05  Widow Mine  
  28  3:08  Marine x2  
  28  3:10  Orbital Command  
  28  3:12  SCV  
  32  3:24  SCV  
  32  3:26  Marine x2  
  35  3:29  Medivac  
  37  3:36  SCV  
  38  3:41  Supply Depot  
  38  3:44  Siege Tank  
  38  3:47  Marine  
  38  3:48  Marine, SCV  
  44  3:49  SCV  
  45  4:00  SCV  
  46  4:02  Medivac  
  46  4:05  Marine x2  
  50  4:12  Supply Depot, SCV  
  50  4:13  SCV  
  50  4:15  Bunker  
  52  4:23  Marine x2  
  54  4:34  SCV  
  54  4:36  SCV  
  56  4:41  Marine x2  
  58  4:47  Siege Tank  
  58  4:48  SCV  
  62  4:53  Barracks x2  
  62  5:03  Supply Depot  
  62  5:04  Supply Depot  
  62  5:06  Refinery x2  
  62  5:07  Liberator  
  62  5:16  Marine  
  62  5:24  Marine, SCV, Siege Tank  
  62  5:25  SCV  
  62  5:26  Supply Depot x2  
  70  5:34  Marine  
  69  5:36  SCV  
  69  5:42  Marine  
  72  5:52  Marine  
  72  5:53  Barracks Tech Lab x2  
  71  6:00  Marine  
  66  6:08  SCV, Starport Reactor  
  66  6:10  Marine, SCV  
  64  6:14  Marine x2  
  64  6:15  Combat Shields, Stimpack  
  64  6:17  Marine  
  67  6:20  SCV  
  67  6:22  SCV  
  67  6:25  Command Center  
  69  6:27  Marine  
  69  6:28  Engineering Bay x2  
  69  6:31  Marine  
  69  6:32  Marine, SCV  
  71  6:34  SCV  
  71  6:38  Marine  
  73  6:44  SCV  
  73  6:46  SCV  
  75  6:54  Marine  
  75  6:55  Supply Depot  
  75  6:56  Marine, SCV  
  75  6:57  Supply Depot x2  
  75  6:58  SCV  
  75  6:59  Medivac x2  
  83  7:03  Marine  
  83  7:07  Siege Tank  
  87  7:08  SCV  
  87  7:11  Marine  
  87  7:13  SCV  
  90  7:19  Marine  
  90  7:20  Marine  
  90  7:21  SCV  
  90  7:22  Marine  
  94  7:23  Supply Depot  
  94  7:29  Marine  
  92  7:30  Medivac x2  
  92  7:36  SCV  
  97  7:37  Marine  
  97  7:38  Marine  
  97  7:40  Marine, Orbital Command  
  97  7:43  Armory  
  100  7:46  Siege Tank  
  100  7:47  Marine  
  104  7:55  Marine  
  104  7:56  Marine  
  104  7:58  Marine  
  107  7:59  Barracks  
  107  8:01  Barracks  
  107  8:05  Marine  
Tags
 
Add a new tag
Caveats
  • Supply blocks, unpowered buildings, or Contaminate may cause inaccurate times.
  • Supply counts are checked every 10 seconds.